 Dungeon Crawl Stone Soup version 0.19-a0-611-gb5a7e8d (webtiles) character file.

53 GlassEater the Sneak (level 4, 0/24 HPs)
             Began as a Kobold Enchanter on June 12, 2016.
             Slain by a worm (2 damage)
             ... on level 2 of the Dungeon.
             The game lasted 00:04:00 (1568 turns).

GlassEater the Sneak (Kobold Enchanter)             Turns: 1568, Time: 00:04:01

Health: 0/24       AC:  4    Str:  6    XL:     4   Next: 10%
Magic:  2/7        EV: 16    Int: 14    God:
Gold:   77         SH:  0    Dex: 16    Spells: 3 memorised, 0 levels left

rFire  . . .     SeeInvis .     a - +2 dagger
rCold  . . .     Gourm    .     b - +1 robe
rNeg   . . .     Faith    .     (shield restricted)
rPois  .         Spirit   .     (no helmet)
rElec  .         Dismiss  .     (no cloak)
rCorr  .         Reflect  .     n - +0 pair of gloves
SustAt .         Harm     .     (no boots)
MR     .....                    (no amulet)
Stlth  +++.......               (no ring)
                                (no ring)

@: very slightly contaminated, not resistant to hostile enchantments, fairly
stealthy
A: carnivore 3
a: no special abilities


You were on level 2 of the Dungeon.
You were completely stuffed.

You visited 1 branch of the dungeon, and saw 2 of its levels.

You collected 77 gold pieces.

Inventory:

Hand Weapons
 a - a +2 dagger (weapon)
Armour
 b - a +1 robe (worn)
 n - a +0 pair of gloves (worn)
Wands
 o - a wand of paralysis (12/24)
Scrolls
 g - a scroll of recharging {unknown}
 p - 3 scrolls of fear {unknown}
Potions
 e - a potion of curing {unknown}
 h - a potion of heal wounds {unknown}
 i - a potion of berserk rage {unknown}
 k - a potion of haste {unknown}
 l - a potion of might {unknown}
 m - a potion of brilliance {unknown}
Books
 c - a book of Maledictions

   Spells                             Type                      Level
   a - Corona                         Hexes                        1
   b - Ensorcelled Hibernation        Hexes/Ice                    2
   c - Confuse                        Hexes                        3
   d - Tukima's Dance                 Hexes                        3
   e - Dazzling Spray                 Conjuration/Hexes            3
Comestibles
 d - a meat ration
 f - a beef jerky
 j - a chunk of flesh


   Skills:
 + Level 0.2 Fighting
 + Level 1.7 Short Blades
 + Level 3.3 Dodging
 + Level 5.1 Stealth
 + Level 2.1 Spellcasting
 * Level 3.3 Hexes


You couldn't memorise any spells.
You knew the following spells:

 Your Spells              Type           Power        Failure   Level  Hunger
a - Corona                Hex            ##.....      10%         1    #......
c - Confuse               Hex            ##......     21%         3    ###....
d - Tukima's Dance        Hex            ##......     21%         3    ###....


Dungeon Overview and Level Annotations

Branches:
Dungeon (2/15)

Altars:
Elyvilon
Xom


Innate Abilities, Weirdness & Mutations

You are small and have problems with some larger weapons.
You are carnivorous and can eat meat at any time.


Message History

You barely miss the worm.
The worm is heavily wounded.
The worm misses you.
You hit the worm.
The worm is severely wounded.
You hit the worm.
The worm is severely wounded.
The worm bites you.
* * * LOW HITPOINT WARNING * * *
You hit the worm but do no damage.
The worm is severely wounded.
You hit the worm.
The worm is almost dead.
The worm barely misses you.
You barely miss the worm.
The worm is severely wounded.
You hit the worm.
The worm is almost dead.
The worm bites you.
You die...

.......### #.#..#.#
#####..## ##.#..#.#
#..>....######...#.#.#
#.###.#............#.#
..# #.#######......#.#
#####.# ##.....#.#
###...# #.....#.#
#...### ##.w..#.#
....# #.@..# ....#
#..#.# ##..######
#.#..# #........#
##.#..#.
#...####.#####...##..
...## #...##........#
.#.# ###..........##
.#.# ####.......#
...## #.......#


You could see a worm.

Vanquished Creatures
  An ooze (D:2)
  A worm (D:2)
  2 dart slugs (D:1)
  A ball python (D:2)
  4 giant cockroaches
  8 goblins
  2 hobgoblins (D:1)
  5 jackals (D:1)
  A quokka (D:2)
  5 bats
  3 kobolds
  6 rats
39 creatures vanquished.

Notes
Turn   | Place    | Note
--------------------------------------------------------------
     0 | D:1      | GlassEater the Kobold Enchanter began the quest for the Orb.
     0 | D:1      | Reached XP level 1. HP: 10/10 MP: 3/3
   129 | D:1      | Reached XP level 2. HP: 15/15 MP: 5/5
   418 | D:1      | Reached XP level 3. HP: 1/19 MP: 6/6
   423 | D:1      | Learned a level 3 spell: Confuse
  1336 | D:2      | Found a white marble altar of Elyvilon.
  1407 | D:2      | Found a shimmering altar of Xom.
  1415 | D:2      | Reached skill level 5 in Stealth
  1415 | D:2      | Reached XP level 4. HP: 24/24 MP: 7/7
  1429 | D:2      | Learned a level 3 spell: Tukima's Dance
  1568 | D:2      | Slain by a worm

Vault maps used:
D:1:      scummos_arrival_forest, minmay_box_of_dots
D:2:      old_standard_altar, lemuel_doored_altar, minmay_curled_crystal

Skill      XL: |  1  2  3 |
---------------+----------+-----
Dodging        | 3 |  3.3
Stealth        | 5 |  5.1
Fighting       | |  0.2
Short Blades   | |  1.7
Spellcasting   | |  2.1
Hexes          | |  3.3

Action                   |  1- 3 |  4- 6 || total
-------------------------+-------+-------++-------
Melee: Dagger            |   155 |    25 ||   180
 Cast: Corona            |       |     2 ||     2
       Confuse           |       |     1 ||     1
  Use: Scroll            |     4 |       ||     4
 Stab: Sleeping          |    10 |     1 ||    11
  Eat: Chunk             |    10 |     1 ||    11
Armor: Robe              |    22 |       ||    22
Dodge: Dodged            |   113 |    11 ||   124
